 Dungeon Crawl Stone Soup version 0.30.1-4-g462c640d31 (webtiles) character file.

Game seed: 3733281128321032383

6290 SgtHiss the Cleaver (level 10, -4/94 HPs)
             Began as a Purple Draconian Chaos Knight on Aug 16, 2023.
             Was a Plaything of Xom.
             Slain by a yak (10 damage)
             ... on level 1 of the Lair of Beasts.
             The game lasted 00:27:09 (7750 turns).

SgtHiss the Cleaver (Purple Draconian Chaos Knight) Turns: 7750, Time: 00:27:14

Health: -4/94      AC:  7    Str: 21    XL:     10   Next: 63%
Magic:  0/17       EV: 13    Int: 14    God:    Xom [.....*]
Gold:   473        SH:  9    Dex: 11    Spells: 15/19 levels left

rFire   . . .        a - +0 hand axe (spect)
rCold   + . .        E - +1 buckler {rN+}
rNeg    + . .        (body armour unavailable)
rPois   +            (helmet restricted)
rElec   +            (no cloak)
rCorr   .            (no gloves)
SInv    .            (no boots)
Will    +....        y - amulet of guardian spirit
Stlth   +++          x - ring of Ejaps {Contam rElec rPois Str+6 Dex-2}
HPRegen 0.35/turn    v - +4 ring of slaying
MPRegen 0.15/turn

%: clarity, guardian spirit
@: unable to read
A: breathe power, AC +7, unfitting armour, cold-blooded, horns 2, stinger 1,
large bone plates 1, clarity, cold resistance 1, robust 1, inability to read
after injury 2
a: Breathe Dispelling Energy, Renounce Religion


You were on level 1 of the Lair of Beasts.
You worshipped Xom.
You were Xom's teddy bear.
You visited 2 branches of the dungeon, and saw 10 of its levels.

You collected 550 gold pieces.
You spent 77 gold pieces at shops.

Inventory:

Hand Weapons
 a - a +0 spectral hand axe (weapon)
Missiles
 c - 10 boomerangs (quivered)
 H - 3 atropa-tipped darts
 R - 5 curare-tipped darts
Armour
 o - a +2 pair of boots of flying
 E - a +1 buckler of positive energy (worn)
 U - the +0 pair of boots "Loomatog" {*Slow Regen+ Stlth+}
   (You found it on level 1 of the Lair of Beasts)

   Regen:     It increases your rate of health regeneration.
   *Slow:     It may slow you when you take damage.
   Stlth:     It makes you more stealthy.
Jewellery
 m - an amulet of the acrobat
 v - a +4 ring of slaying (right hand)
 x - the ring of Ejaps (left hand) {Contam rElec rPois Str+6 Dex-2}
   (Xom gifted it to you on level 3 of the Dungeon)

   [ring of strength]

   Str:       It affects your strength (+6).
   Dex:       It affects your dexterity (-2).
   rElec:     It insulates you from electricity.
   rPois:     It protects you from poison.
   Contam:    It causes magical contamination when unequipped.
 y - an amulet of guardian spirit (around neck)
 O - an amulet of faith
 P - a ring of protection from fire
Wands
 k - a wand of charming (5)
 B - a wand of roots (1)
 J - a wand of acid (3)
 L - a wand of flame (17)
Scrolls
 d - a scroll of brand weapon
 f - a scroll of butterflies {unknown}
 j - 2 scrolls of teleportation
 l - a scroll of acquirement {unknown}
 n - a scroll of magic mapping
 q - 2 scrolls of poison {unknown}
 r - 2 scrolls of amnesia
 s - 2 scrolls of vulnerability
 D - a scroll of blinking {unknown}
 F - a scroll of silence {unknown}
 G - a scroll of noise {unknown}
 I - 2 scrolls of enchant weapon {unknown}
 N - a scroll of enchant armour {unknown}
 S - a scroll of identify
 T - a scroll of immolation
Potions
 e - a potion of haste {unknown}
 g - 7 potions of curing
 h - 4 potions of mutation {unknown}
 i - a potion of berserk rage {unknown}
 p - a potion of lignification {unknown}
 t - a potion of cancellation {unknown}
 u - a potion of invisibility
 w - 4 potions of degeneration {unknown}
 z - 2 potions of might {unknown}
 A - 2 potions of attraction {unknown}
 C - 2 potions of magic {unknown}
 K - a potion of resistance {unknown}
 M - a potion of brilliance {unknown}
 Q - a potion of heal wounds {unknown}
Miscellaneous
 b - a piece from Xom's chessboard (15/15)


   Skills:
 * Level 7.1 Fighting
 * Level 8.6 Axes
 * Level 4.4 Throwing
 * Level 6.0 Dodging
 * Level 4.8 Stealth
 * Level 2.5 Shields
 * Level 5.0 Spellcasting
 * Level 3.0 Conjurations
 * Level 2.9 Translocations
 * Level 4.9 Evocations


You had 15 spell levels left.
You knew the following spells:

 Your Spells              Type           Power      Damage    Failure   Level
a - Momentum Strike       Conj/Tloc      22%        3d8       10%         2
b - Blink                 Tloc           22%        N/A       10%         2

Your spell library contained the following spells:

 Spells                   Type           Power      Damage    Failure   Level
 Lesser Beckoning         Tloc           22%        N/A       10%         2
 Necrotise                Necr           12%        1d4       22%         1
 Slow                     Hex            12%        N/A       22%         1
 Confusing Touch          Hex            3%         N/A       54%         3
 Vampiric Draining        Necr           3%         2d6       54%         3
 Animate Dead             Necr           3%         N/A       91%         4
 Agony                    Necr           3%         N/A       99%         5
 Haunt                    Necr/Summ      1%         N/A       100%        7
 Infestation              Necr           1%         N/A       100%        8


Dungeon Overview and Level Annotations

Branches:
Dungeon (9/15)             Temple (0/1) D:4            Lair (1/5) D:9
    Orc: D:9-12

Altars:
Dithmenos
Wu Jian

Shops:
D:2 (   D:7 *

Portals:
Ice
Cave: Lair:1


Innate Abilities, Weirdness & Mutations

You can breathe bolts of dispelling energy.
Your rich purple scales are hard. (AC +7)
You cannot fit into any form of body armour.
You are cold-blooded and may be slowed by cold attacks.
You have a pair of horns on your head.
Your tail ends in a venomous barb.
You are partially covered in large bone plates. (SH +4)
You possess an exceptional clarity of mind.
Your flesh is cold resistant. (rC+)
You are robust. (+10% HP)
You sometimes lose the ability to read scrolls when taking damage.


Message History

A yak comes into view.
The yak bellows!
The yak moves out of view.
A yak comes into view.
Found a scroll of teleportation.
A komodo dragon comes into view.
Found 2 scrolls of magic mapping.
A yak comes into view.
Found 7 stones.
The yak bellows!
The komodo dragon hisses angrily.
The yak bellows! 2 rime drakes come into view.
Found a frozen archway.
You hit the komodo dragon.
You tail-slap the komodo dragon, but do no damage.
The komodo dragon is lightly wounded.
Your +0 spectral hand axe hits the komodo dragon.
The rime drake hisses angrily. "Serve the toy, my child!"
You are now Xom's teddy bear.
The rime drake hisses angrily.
The rime drake breathes ice at you. The icy flash freeze hits you!
You partially resist.
You are encased in ice.
The komodo dragon bites you!
You feel threatened and lose the ability to read scrolls!
* * * LOW HITPOINT WARNING * * *
You hear an angry hiss.
You feel better.
Your +0 spectral hand axe disappears.
The komodo dragon bites you!!
* * * LOW HITPOINT WARNING * * *
You block the yak's attack.
You feel better. The ice encasing you melts away.
Your ufetubus hits the komodo dragon but does no damage. x2
You block the rime drake's attack. The komodo dragon bites you!
* * * LOW HITPOINT WARNING * * *
The yak gores you!
You die...
Xom chortles!

# **,,,****,******* #
*,,,.####.,,,,,.#* #
#####**###.##≈≈~~~,...**
###...# #.#.#.≈#####...,*
......####...#.≈#∩......P*
###....>.#...#.≈#.....≈.**
####...#...#.≈#k..≈#,,,***
#....#...#..#k.≈#~,,,,,*
##.>......YY@..#~,,,,,,*
##......#.Yl5≈.#,,,,,∆*
##......#...###,,**,**
##....##...#*S,,****
*#........###*,,** **
*#(#...Y....P**,,*
,****#.......#..?#*,,**
,,,,*#............,,,**
,,,∆*#.....?......**,,**


You could see a komodo dragon (ally target), 3 yaks, 2 rime drakes and a
friendly ufetubus (summoned).

Vanquished Creatures
  A hydra (Lair:1)
  Pikel (D:6)
  Maurice (D:8)
  2 komodo dragons (D:9)
  A troll (D:9)
  A hornet (D:8)
  A shadow (D:9)
  A wyvern (D:8)
  A basilisk (Lair:1)
  A steam dragon (D:7)
  Edmund (D:6)
  Duvessa (D:7)
  4 sky beasts
  An orc warrior (D:7)
  3 black bears
  2 ogres (D:4)
  3 centaurs
  4 lemures (D:6)
  A phantom (D:6)
  Blork the orc (D:6)
  A kobold brigand (D:7)
  3 bullfrogs (D:9)
  A gnoll sergeant (D:9)
  6 scorpions
  Dowan (D:7)
  10 killer bees
  3 orc priests
  3 hounds
  2 iguanas
  4 sleepcaps
  Natasha (twice) (D:2)
  5 orc wizards
  Robin (D:4)
  8 gnolls
  13 adders
  2 shadow imps
  3 white imps
  2 ufetubi
  A worm (D:2)
  2 dart slugs (D:2)
  15 orcs
  4 bats
  6 endoplasms
  2 giant cockroaches (D:2)
  12 hobgoblins
  3 jackals (D:4)
  4 quokkas
  5 ball pythons
  3 frilled lizards
  21 goblins
  6 kobolds
  9 rats
195 creatures vanquished.

Notes
Turn   | Place    | Note
-------+----------+-------------------------------------------
     0 | D:1      | SgtHiss the Draconian Chaos Knight began the quest for the
                  | Orb.
     0 | D:1      | Reached XP level 1. HP: 19/19 MP: 1/1
   149 | D:1      | Reached XP level 2. HP: 26/26 MP: 2/2
   653 | D:2      | Noticed Natasha
   662 | D:2      | XOM: potion effect (haste)
   671 | D:2      | XOM: potion effect (curing)
   674 | D:2      | XOM: chaos cloud
   781 | D:2      | Noticed a black bear
   794 | D:2      | Killed a black bear
   795 | D:2      | Reached skill level 1 in Stealth
   795 | D:2      | Reached skill level 1 in Evocations
   795 | D:2      | Reached XP level 3. HP: 8/33 MP: 2/4
   795 | D:2      | Reached XP level 4. HP: 10/40 MP: 2/5
   932 | D:2      | Found a shadowy altar of Dithmenos.
  1017 | D:2      | Reached skill level 4 in Axes
  1017 | D:2      | Reached XP level 5. HP: 41/46 MP: 6/6
  1078 | D:2      | Reached skill level 1 in Spellcasting
  1280 | D:2      | XOM: 1-stop teleportation journey
  1378 | D:2      | XOM: give mutations
  1378 | D:2      | Gained mutation: You possess an exceptional clarity of
                  | mind. [Xom's grace]
  1378 | D:2      | Gained mutation: You are robust. (+10% HP) [Xom's grace]
  1378 | D:2      | Gained mutation: You have hidden genetic potential. [Xom's
                  | grace]
  1430 | D:2      | Killed Natasha
  1461 | D:2      | You fall into a shaft and drop 1 floor!
  1743 | D:2      | Found Momayrit's Weapon Boutique.
  1765 | D:2      | Noticed Natasha
  1772 | D:2      | Killed Natasha
  1773 | D:2      | Reached skill level 1 in Throwing
  1808 | D:2      | XOM: god gift: +2 pair of boots of flying
  2121 | D:3      | Reached XP level 6. HP: 58/58 MP: 7/7
  2193 | D:3      | XOM: divination: detect items
  2525 | D:3      | Identified the ring of Ejaps {Contam rElec rPois Str+6
                  | Dex-2} (Xom gifted it to you on level 3 of the Dungeon)
  2525 | D:3      | XOM: god gift: ring of Ejaps {Contam rElec rPois Str+6
                  | Dex-2}
  2552 | D:3      | XOM: divination: magic mapping
  2658 | D:4      | Gained mutation: Your tail ends in a venomous barb. [hidden
                  | potential]
  2837 | D:4      | XOM: potion effect (brilliance)
  2920 | D:4      | Found a staircase to the Ecumenical Temple.
  2936 | D:4      | Reached skill level 5 in Axes
  2936 | D:4      | Your scales start taking on a rich purple colour.
  2936 | D:4      | Reached XP level 7. HP: 61/66 MP: 10/10
  2953 | D:4      | Noticed Robin
  2968 | D:4      | Killed Robin
  2988 | D:4      | XOM: silly message
  3054 | D:4      | XOM: noise
  3058 | D:4      | XOM: noise
  3075 | D:4      | Gained mutation: You have a pair of small horns on your
                  | head. [hidden potential]
  3075 | D:4      | Lost mutation: You have hidden genetic potential. [hidden
                  | potential expressed]
  3549 | D:4      | XOM: silly message
  3716 | D:5      | Entered Level 5 of the Dungeon
  3821 | D:5      | XOM: confuse monster(s)
  3827 | D:5      | Reached skill level 5 in Fighting
  3879 | D:5      | Found an ornate altar of the Wu Jian Council.
  4009 | D:5      | Reached XP level 8. HP: 69/74 MP: 12/12
  4049 | D:5      | XOM: cloud trail
  4101 | D:5      | Reached skill level 6 in Axes
  4365 | D:5      | XOM: silly message
  4572 | D:6      | XOM: give mutations
  4572 | D:6      | Gained mutation: Your body sometimes deteriorates upon
                  | taking damage. [Xom's mischief]
  4572 | D:6      | Gained mutation: You occasionally shout uncontrollably at
                  | your foes. [Xom's mischief]
  4572 | D:6      | Gained mutation: You frequently scream uncontrollably at
                  | your foes. [Xom's mischief]
  4592 | D:6      | Noticed Blork the orc
  4593 | D:6      | XOM: scenery: summon butterflies
  4597 | D:6      | XOM: swap monsters
  4605 | D:6      | Noticed Edmund
  4609 | D:6      | Killed Blork the orc
  4618 | D:6      | Killed Edmund
  4626 | D:6      | Noticed Pikel
  4639 | D:6      | XOM: destruction
  4645 | D:6      | XOM: summons friendly ufetubus
  4651 | D:6      | Killed Pikel
  4652 | D:6      | Reached skill level 7 in Axes
  4652 | D:6      | Reached XP level 9. HP: 45/82 MP: 12/14
  4788 | D:6      | Learned a level 2 spell: Momentum Strike
  4926 | D:6      | XOM: 2-stop teleportation journey
  5006 | D:6      | XOM: give mutation
  5006 | D:6      | Gained mutation: You occasionally lose the ability to read
                  | scrolls when taking damage. [Xom's mischief]
  5208 | D:7      | Reached skill level 5 in Dodging
  5228 | D:7      | Learned a level 2 spell: Blink
  5515 | D:7      | Found Adoganoa's General Store.
  5533 | D:7      | Bought a potion of curing for 33 gold pieces
  5533 | D:7      | Bought a scroll of vulnerability for 44 gold pieces
  5623 | D:7      | Noticed Duvessa
  5624 | D:7      | Noticed Dowan
  5626 | D:7      | Killed Dowan
  5637 | D:7      | Killed Duvessa
  5638 | D:7      | Reached skill level 1 in Conjurations
  5638 | D:7      | Reached skill level 1 in Translocations
  5792 | D:7      | Reached skill level 1 in Shields
  5798 | D:7      | XOM: torment (36/84 hp)
  5858 | D:8      | Identified the +4 leather armour of Liseonits {Rampage rC+
                  | Will+}
  6078 | D:8      | Noticed Maurice
  6091 | D:8      | Killed Maurice
  6260 | D:8      | Reached skill level 8 in Axes
  6530 | D:8      | Reached XP level 10. HP: 82/92 MP: 13/16
  6651 | D:9      | Identified the +5 ring mail of Resonant Satisfaction {Str+3
                  | Stlth+}
  6660 | D:9      | XOM: give mutations
  6660 | D:9      | Gained mutation: You are partially covered in large bone
                  | plates. (SH +4) [Xom's grace]
  6660 | D:9      | Gained mutation: You have a pair of horns on your head.
                  | [Xom's grace]
  6660 | D:9      | Gained mutation: Your flesh is cold resistant. (rC+) [Xom's
                  | grace]
  6702 | D:9      | XOM: god gift: 43 gold pieces
  6746 | D:9      | XOM: 3-stop teleportation journey
  6846 | D:9      | XOM: fog
  6887 | D:9      | XOM: enchant monster (bad)
  6967 | D:9      | Found a staircase to the Lair.
  7027 | D:9      | XOM: confuse monster(s)
  7166 | D:9      | XOM: give mutations
  7166 | D:9      | Lost mutation: Your body sometimes deteriorates upon taking
                  | damage. [Xom's mischief]
  7166 | D:9      | Lost mutation: You frequently scream uncontrollably at your
                  | foes. [Xom's mischief]
  7166 | D:9      | Lost mutation: You occasionally shout uncontrollably at
                  | your foes. [Xom's mischief]
  7185 | D:9      | XOM: cast spell 'Chain of Chaos'
  7326 | D:9      | XOM: god gift: cabochon ring {god gift}
  7604 | Lair:1   | Entered Level 1 of the Lair of Beasts
  7630 | Lair:1   | Noticed a seven-headed hydra
  7635 | Lair:1   | XOM: cleaving
  7651 | Lair:1   | XOM: divination: detect items
  7693 | Lair:1   | Identified the +0 pair of boots "Loomatog" {*Slow Regen+
                  | Stlth+}
  7696 | Lair:1   | XOM: god gift: black potion {god gift}
  7703 | Lair:1   | XOM: cast spell 'Chain of Chaos'
  7717 | Lair:1   | XOM: divination: detect creatures
  7718 | Lair:1   | Killed an 11-headed hydra
  7719 | Lair:1   | Reached skill level 5 in Spellcasting
  7729 | Lair:1   | XOM: give mutation
  7729 | Lair:1   | Gained mutation: You sometimes lose the ability to read
                  | scrolls when taking damage. [Xom's mischief]
  7747 | Lair:1   | Found a frozen archway.
  7748 | Lair:1   | XOM: summons friendly ufetubus
  7750 | Lair:1   | Slain by a yak

Illustrated notes

Levels and vault maps discovered:
D:1:      lightli_arrival_windingriver, layout_basic, minmay_misc_feat_hallway
D:2:      layout_basic, basic_altar, serial_shops, nicolae_shop_peninsula,
          minmay_divided_ellipse, uniq_natasha
D:3:      layout_basic
D:4:      layout_loops_cross, minmay_temple_entry_junction, uniq_robin
D:5:      layout_cave_pools, mainiacjoe_overflow_surrounded_room
D:6:      layout_loops_cross, minmay_misc_feat_plants, uniq_pikel, uniq_edmund,
          uniq_blork_the_orc
D:7:      layout_rooms, serial_shops, nicolae_shop_tiny_waterfront, uniq_duvessa
D:8:      layout_loops_cross, uniq_maurice
D:9:      layout_long_grid, due_lair_maze_entry_diamond
Lair:1:   layout_misc_corridors, portal_ice_cave_rime, grunt_megastairs_4

Skill      XL: |  1  2  3  4  5  6  7  8  9 10 |
---------------+-------------------------------+-----
Fighting       | 4 5 6 7 |  7.1
Stealth        | 1 2 3 4 |  4.8
Evocations     | 1 2 3 4 |  4.9
Axes           | 4 5 7 8 |  8.6
Spellcasting   | 1 2 3 4 5 |  5.0
Dodging        | 3 4 5 6 |  6.0
Throwing       | 1 2 3 4 |  4.4
Conjurations   | 2 3 |  3.0
Translocations | 2 |  2.9
Shields        | 1 2 |  2.5

Action                     |  1- 3 |  4- 6 |  7- 9 | 10-12 || total
---------------------------+-------+-------+-------+-------++-------
  Melee: Hand axe          |    55 |   110 |   186 |    39 ||   390
         Tailslap          |     6 |    12 |    25 |     7 ||    50
         Headbutt          |       |       |    26 |    13 ||    39
         Punch             |       |       |     4 |       ||     4
  Throw: Boomerang         |       |    13 |    43 |    11 ||    67
   Cast: Momentum Strike   |       |       |     1 |       ||     1
Ability: Breathe Dispellin |       |       |    26 |    10 ||    36
  Evoke: Piece from Xom's  |     3 |     2 |     3 |     4 ||    12
         Wand              |       |     2 |    12 |     8 ||    22
    Use: Scroll            |     3 |     2 |     3 |     2 ||    10
         Potion            |       |       |     1 |     2 ||     3
   Stab: Distracted        |       |     2 |       |       ||     2
         Sleeping          |       |     1 |       |     1 ||     2
         Confused          |       |       |     2 |       ||     2
         Petrified         |       |       |       |     4 ||     4
 Armour: Skin              |    27 |    40 |    90 |    34 ||   191
  Dodge: Dodged            |    56 |    77 |   130 |    38 ||   301
  Block: Buckler           |       |       |    10 |    29 ||    39
